 Dungeon Crawl Stone Soup version 0.29.1-1-gd02db6906a (webtiles) character file.

Game seed: 10471842416730004776

196 plokij the Chopper (level 5, 0/47 HPs)
             Began as a Minotaur Fighter on Oct 21, 2022.
             Killed from afar by a white imp (9 damage)
             ... with a puff of frost
             ... on level 5 of the Dungeon.
             The game lasted 00:03:23 (2106 turns).

plokij the Chopper (Minotaur Fighter)               Turns: 2106, Time: 00:03:24

Health: 0/47       AC: 10    Str: 23    XL:     5   Next: 46%
Magic:  4/4        EV:  9    Int:  5    God:
Gold:   196        SH:  4    Dex:  9    Spells: 4/4 levels left

rFire   . . .      SeeInvis .   a - +0 war axe
rCold   . . .      Faith    .   c - +0 buckler
rNeg    . . .      Spirit   .   b - +0 scale mail
rPois   .          Reflect  .   (helmet restricted)
rElec   .          Harm     .   g - +2 cloak
rCorr   .          Rampage  .   (no gloves)
Will    .....                   (no boots)
Stlth   ..........              (no amulet)
HPRegen 0.15/turn               (no ring)
MPRegen 0.09/turn               (no ring)

@: no status effects
A: horns 2, retaliatory headbutt
a: no special abilities


You were on level 5 of the Dungeon.
You visited 1 branch of the dungeon, and saw 4 of its levels.

You collected 196 gold pieces.

Inventory:

Hand Weapons
 a - a +0 war axe (weapon)
Armour
 b - a +0 scale mail (worn)
 c - a +0 buckler (worn)
 g - a +2 cloak (worn)
Jewellery
 n - a ring of resist corrosion
Wands
 m - a wand of roots (9)
Scrolls
 i - a scroll of fog {unknown}
 j - a scroll of identify {unknown}
Potions
 d - a potion of might
 e - a potion of curing {unknown}
 f - a potion of brilliance {unknown}
 h - 3 potions of invisibility {unknown}
 k - a potion of heal wounds {unknown}
 l - a potion of cancellation {unknown}
 o - 2 potions of haste {unknown}


   Skills:
 + Level 4.6 Fighting
 * Level 4.7 Axes
 + Level 4.6 Armour
 + Level 4.6 Shields


You had 4 spell levels left.
You didn't know any spells.
Your spell library was empty.

Dungeon Overview and Level Annotations

Branches:
Dungeon (3/15)

Altars:
Vehumet

Annotations:
D:3 Pargi


Innate Abilities, Weirdness & Mutations

You have a pair of horns on your head.
You reflexively headbutt those who attack you in melee.


Message History

You slash the gnoll!
The gnoll is almost dead.
The gnoll hits you with a +0 flail. You block the gnoll's attack.
You hit the gnoll.
You kill the gnoll!
You slash the gnoll!
The gnoll is heavily wounded.
The gnoll barely misses you. You furiously retaliate!
You headbutt the gnoll, but do no damage.
The gnoll closely misses you.
You hit the gnoll.
The gnoll is heavily wounded.
You block the gnoll's attack.
You hit the gnoll but do no damage.
The gnoll is heavily wounded.
You block the gnoll's attack.
You barely miss the gnoll. You headbutt the gnoll.
You kill the gnoll!
The white imp gestures at you.
The puff of frost hits you but does no damage.
You hit the white imp but do no damage. The white imp gestures at you.
The puff of frost hits you!
You are too injured to fight recklessly!
You are too injured to fight recklessly!
You are too injured to fight recklessly!
You are too injured to fight recklessly!
You are too injured to fight recklessly!
You are too injured to fight recklessly!
You are too injured to fight recklessly!
You slash the white imp! Your headbutt misses the white imp.
The white imp is almost dead.
The white imp gestures at you. The puff of frost hits you!
* * * LOW HITPOINT WARNING * * *
You barely miss the white imp.
The white imp is almost dead.
The white imp gestures at you. The puff of frost hits you!
You die...

#+## ### #### #
#..###.#######..## ...
+....#..#..<......
....
#....#..#......g5.
#..##@# #..###.###..#
#..##5####..##..###..#
#........g..g.....#...
#.................#..?
#..
+.................#...
#..
#..)).............#...
#..
#....)............#...
##...
#.)#######..#######
#....##..##.#####+##


You could see a white imp.

Vanquished Creatures
  A jelly (D:5)
  An iguana (D:5)
  An adder (D:2)
  6 gnolls (D:5)
  A worm (D:2)
  A dart slug (D:1)
  4 ball pythons
  3 bats (D:1)
  4 endoplasms
  5 giant cockroaches (D:1)
  7 hobgoblins
  4 jackals (D:1)
  5 kobolds (D:1)
  2 quokkas
  A frilled lizard (D:1)
  2 rats
48 creatures vanquished.

Notes
Turn   | Place    | Note
-------+----------+-------------------------------------------
     0 | D:1      | plokij the Minotaur Fighter began the quest for the Orb.
     0 | D:1      | Reached XP level 1. HP: 19/19 MP: 0/0
   123 | D:1      | Reached XP level 2. HP: 25/27 MP: 1/1
   311 | D:1      | Found a faded altar of an unknown god.
   384 | D:1      | Reached XP level 3. HP: 33/33 MP: 2/2
  1041 | D:2      | Found a radiant altar of Vehumet.
  1793 | D:3      | Noticed Pargi
  1793 | D:3      | You fall into a shaft and drop 2 floors!
  1793 | D:5      | Entered Level 5 of the Dungeon
  1812 | D:5      | Reached XP level 4. HP: 40/40 MP: 3/3
  1908 | D:5      | Reached XP level 5. HP: 27/47 MP: 4/4
  2106 | D:5      | Killed from afar by a white imp

Illustrated notes

Levels and vault maps discovered:
D:1:      dpeg_arrival_more_subterranean_lakeside_camping, layout_basic,
          chequers_ecumenical_altar_island
D:2:      layout_basic, basic_altar, dreamdust_princess_corridor, nicolae_titane
D:3:      layout_loops_ring, mainiacjoe_overflow_tiny_flanked, uniq_ijyb,
          uniq_sigmund, uniq_pargi, uniq_natasha
D:5:      layout_gridville, portal_sewer_entry_e, minmay_strange_pillars,
          lightli_minifort

Skill      XL: |  1  2  3  4 |
---------------+-------------+-----
Axes           | 3 4 |  4.7
Fighting       | 4 |  4.6
Shields        | 4 |  4.6
Armour         | 4 |  4.6

Action                   |  1- 3 |  4- 6 || total
-------------------------+-------+-------++-------
Melee: War axe           |    84 |    23 ||   107
       Headbutt          |    13 |     3 ||    16
Armor: Scale mail        |    41 |     8 ||    49
Dodge: Dodged            |    44 |    13 ||    57
Block: Buckler           |    24 |     7 ||    31
